Map: Magannatha LE

Players

Harstem - Winner!

  • Race: Protoss Protoss
  • League: Grandmaster
  • Spawn Location: 11:00

Shino

  • Race: Zerg Zerg
  • Spawn Location: 5:00

Event: HomeStory Cup XXVII

VOD

Have the link to the VOD?

Description

Time

  • Played on: June 28, 2025, 1:10 p.m.
  • Length: 11:08

All games in this series

Show
View Real Time Build Order
Export as new Build Order

Harstem Protoss - Winner!

Build Orders: 1 Gate Expand, Oracle Opening 

Get SALT Encoding   

  12  0:00  Probe  
  13  0:12  Probe  
  14  0:17  Pylon  
  14  0:24  Probe  
  15  0:33  Probe  
  15  0:40  Gateway  
  15  0:41  Probe  
  16  0:47  Assimilator  
  17  0:51  Probe  
  18  1:03  Probe  
  19  1:15  Probe  
  20  1:25  Nexus  
  20  1:37  Cybernetics Core  
  20  1:38  Probe  
  21  1:44  Assimilator  
  21  1:50  Probe  
  22  1:56  Pylon  
  22  2:02  Probe  
  22  2:04  Adept  
  23  2:11  Probe  
  26  2:19  Probe  
  26  2:23  Stargate  
  26  2:28  Probe  
  27  2:31  Stalker  
  30  2:40  Probe x2  
  30  2:42  Warp Gate  
  32  2:52  Probe  
  32  2:53  Probe  
  34  2:59  Oracle, Pylon  
  34  3:04  Probe  
  34  3:05  Probe  
  39  3:16  Probe  
  39  3:17  Probe  
  41  3:26  Oracle, Nexus  
  41  3:28  Probe  
  41  3:29  Probe  
  43  3:40  Probe  
  47  3:41  Pylon  
  47  3:43  Probe  
  48  3:52  Probe  
  48  3:55  Twilight Council  
  49  3:56  Probe  
  49  4:02  Resonating Glaives  
  50  4:04  Probe  
  50  4:08  Probe  
  52  4:10  Gateway  
  52  4:12  Gateway  
  52  4:15  Gateway  
  52  4:16  Probe  
  53  4:20  Probe  
  53  4:21  Assimilator  
  53  4:22  Pylon  
  54  4:25  Shield Battery  
  54  4:29  Probe  
  54  4:31  Adept  
  57  4:33  Probe  
  59  4:38  Probe  
  59  4:41  Probe  
  59  4:44  Assimilator  
  59  4:45  Probe  
  61  4:51  Probe  
  61  4:54  Adept  
  61  4:55  Probe  
  61  4:57  Probe  
  61  4:59  Pylon  
  65  5:03  Probe  
  65  5:06  Adept  
  68  5:07  Probe  
  68  5:09  Probe  
  68  5:10  Adept x2  
  74  5:15  Pylon, Probe  
  74  5:19  Adept  
  74  5:20  Probe  
  78  5:21  Probe  
  78  5:23  Pylon  
  78  5:26  Adept  
  78  5:27  Probe  
  82  5:31  Adept x2  
  82  5:32  Probe  
  82  5:34  Probe  
  88  5:39  Probe, Templar Archives  
  88  5:40  Forge  
  89  5:44  Stalker  
  89  5:45  Probe  
  89  5:49  Blink  
  92  5:50  Adept  
  92  5:55  Pylon  
  92  5:57  Pylon  
  94  5:59  Adept  
  94  6:00  Probe  
  94  6:02  Probe x2  
  97  6:05  Protoss Ground Weapons Level 1  
  97  6:12  Probe  
  97  6:14  Probe x2  
  100  6:23  Stalker  
  100  6:24  Probe, Stalker x3  
  109  6:29  Gateway  
  109  6:31  Gateway  
  109  6:32  Assimilator  
  109  6:35  Pylon  
  109  6:36  Gateway  
  109  6:37  Pylon, Gateway  
  109  6:38  Assimilator  
  108  6:54  Stalker x4  
  108  6:56  Gateway  
  108  6:58  Gateway, Pylon  
  108  6:59  Photon Cannon  
  108  7:00  Pylon  
  110  7:14  Gateway  
  110  7:15  Gateway  
  100  7:19  Shield Battery  
  100  7:20  Stalker x3  
  106  7:23  Pylon, Shield Battery  
  106  7:25  Pylon  
  106  7:31  Stalker x2  
  106  7:32  Stalker x2  
  110  7:37  Stalker  
  112  7:49  Stalker x3  
  118  7:52  Psionic Storm  
  118  7:58  Protoss Ground Weapons Level 2  
  118  8:02  Stalker x5  
  128  8:09  High Templar x2  
  126  8:19  Charge  
  126  8:25  Nexus  
  126  8:32  Probe  
  126  8:34  Adept x7  
  127  8:38  High Templar  
  127  8:40  Photon Cannon  
  141  8:41  Pylon  
  141  8:46  Robotics Facility  
  135  9:00  Zealot x4  
  143  9:10  Probe  
  143  9:11  High Templar x2  
  143  9:12  Zealot x4  
  156  9:23  High Templar  
  156  9:25  Photon Cannon  
  156  9:27  Photon Cannon  
  150  9:32  Stalker x5  
  154  9:41  Probe x4  
  154  9:42  Observer  
  154  9:44  Zealot x3  
  159  9:53  Probe x3  
  156  10:03  Stalker x5  
  156  10:04  Stalker  
  156  10:05  Warp Prism  
  168  10:12  Assimilator  
  168  10:14  Photon Cannon  
  168  10:16  Assimilator  
  170  10:22  High Templar x3  
  170  10:23  High Templar  
  170  10:27  Archon x2  
  170  10:28  Pylon, Probe  
  179  10:30  Pylon  
  179  10:31  Forge  
  177  10:45  Zealot  
  177  10:49  Probe  
  180  10:51  Fleet Beacon  
Show
View Real Time Build Order
Export as new Build Order

Shino Zerg 

Build Orders: Hatch First 

Get SALT Encoding   

  12  0:00  Drone  
  13  0:13  Overlord  
  13  0:21  Drone  
  14  0:32  Drone x2  
  16  0:46  Hatchery  
  15  0:51  Drone  
  15  0:54  Drone  
  17  1:00  Drone  
  18  1:10  Extractor  
  17  1:18  Spawning Pool  
  16  1:19  Drone  
  16  1:21  Drone  
  18  1:28  Drone  
  19  1:42  Drone  
  20  1:53  Overlord  
  20  2:04  Queen x2  
  20  2:05  Zergling x2  
  20  2:07  Zergling x2  
  26  2:14  Metabolic Boost  
  26  2:18  Drone  
  26  2:19  Drone  
  28  2:23  Drone  
  28  2:26  Drone  
  30  2:32  Drone  
  31  2:41  Hatchery  
  30  2:44  Drone  
  31  2:52  Queen  
  31  2:54  Drone  
  31  2:56  Drone  
  31  2:58  Drone  
  36  3:05  Overlord  
  36  3:06  Overlord  
  36  3:23  Drone x3  
  36  3:24  Drone  
  36  3:25  Drone x3  
  43  3:27  Queen  
  43  3:33  Queen  
  47  3:35  Drone  
  47  3:36  Drone  
  49  3:46  Overlord  
  49  3:47  Zergling x6  
  52  3:50  Spore Crawler  
  52  3:52  Spore Crawler  
  52  3:54  Drone x2  
  52  3:56  Drone  
  52  3:58  Drone  
  52  4:00  Drone  
  52  4:02  Drone  
  56  4:05  Drone  
  56  4:08  Drone  
  56  4:11  Drone x2  
  57  4:17  Queen  
  57  4:20  Spore Crawler  
  57  4:21  Queen  
  60  4:26  Overlord  
  60  4:30  Roach Warren  
  59  4:33  Lair  
  57  4:40  Drone x5  
  57  4:44  Overlord  
  62  4:47  Overlord  
  62  4:48  Drone x2  
  62  4:49  Drone  
  64  4:52  Drone  
  64  4:53  Drone  
  66  5:00  Drone x6  
  66  5:03  Extractor  
  66  5:04  Evolution Chamber  
  66  5:06  Zergling x2  
  70  5:09  Evolution Chamber  
  71  5:14  Zergling x16  
  71  5:20  Drone x4  
  81  5:23  Drone  
  81  5:25  Extractor x2  
  81  5:27  Drone  
  81  5:30  Hatchery  
  81  5:33  Glial Reconstitution  
  81  5:35  Zerg Missile Weapons Level 1  
  80  5:39  Extractor  
  80  5:40  Drone x4  
  80  5:41  Extractor  
  82  5:44  Drone x4  
  82  5:47  Overlord  
  86  5:52  Roach x2  
  89  6:00  Overlord  
  88  6:06  Roach  
  88  6:10  Overlord  
  86  6:13  Roach x3  
  87  6:24  Roach x2  
  87  6:25  Roach x5  
  81  6:38  Roach x2  
  76  6:54  Drone x3  
  76  6:57  Roach x3  
  85  7:03  Zergling x16  
  90  7:12  Drone  
  90  7:13  Drone x2  
  86  7:20  Drone  
  86  7:21  Drone  
  86  7:31  Ravager x2  
  85  7:38  Ravager  
  85  7:39  Drone x3  
  89  7:44  Drone  
  89  7:45  Drone x3  
  89  7:49  Drone x2  
  93  7:58  Roach x3  
  95  8:11  Drone x7  
  102  8:13  Ravager  
  102  8:15  Drone x2  
  102  8:19  Zergling x4  
  107  8:22  Zergling x4  
  99  8:32  Zergling x8  
  100  8:37  Roach x2  
  104  8:43  Overlord x4  
  96  8:56  Roach  
  96  8:57  Roach x4  
  102  9:04  Roach x4  
  109  9:11  Roach x2  
  109  9:14  Roach x3  
  109  9:15  Roach  
  120  9:24  Zergling x8  
  120  9:27  Roach  
  110  9:40  Zergling x12, Ravager  
  110  9:43  Zergling x4  
  110  9:45  Zergling x4  
  121  9:51  Zergling x2  
  121  9:52  Zergling x8  
  114  10:03  Zergling x6  
  111  10:12  Zergling x12  
  117  10:15  Ravager x4  
  121  10:23  Hatchery, Ravager  
  121  10:24  Zergling x16  
  129  10:30  Ravager  
  118  10:43  Roach x7  
  118  10:49  Ravager x2  
Tags
 
Add a new tag
Caveats
  • Supply blocks, unpowered buildings, or Contaminate may cause inaccurate times.
  • Supply counts are checked every 10 seconds.